Map: Acropolis LE

Players

Djorn - Winner!

  • Race: Protoss Protoss
  • Spawn Location: 11:00

A.I. 1 (Medium)

  • Race: Terran Terran
  • Spawn Location: 5:00

VOD

Have the link to the VOD?

Description

Time

  • Played on: Aug. 23, 2019, 10:47 p.m.
  • Length: 14:25
Show
View Real Time Build Order
Export as new Build Order

Djorn Protoss - Winner!

Build Orders: Chargelot Immortal 

Get SALT Encoding   

  12  0:01  Probe  
  13  0:14  Probe  
  14  0:24  Pylon  
  14  0:30  Probe  
  15  0:42  Probe  
  16  0:50  Probe  
  16  0:52  Assimilator  
  17  1:00  Gateway  
  17  1:08  Gateway  
  17  1:11  Probe  
  18  1:24  Probe  
  19  1:36  Probe  
  20  1:48  Probe  
  21  1:59  Pylon  
  21  2:17  Pylon  
  21  2:22  Cybernetics Core  
  21  2:27  Zealot  
  21  2:28  Zealot  
  21  2:29  Nexus  
  25  2:47  Pylon  
  25  2:55  Zealot  
  25  2:58  Zealot  
  27  3:00  Assimilator  
  27  3:01  Warp Gate  
  29  3:08  Pylon  
  29  3:19  Pylon  
  29  3:23  Probe  
  30  3:35  Probe  
  30  3:39  Twilight Council  
  31  3:43  Probe  
  31  3:47  Probe  
  33  3:50  Zealot  
  33  3:53  Probe  
  35  3:57  Probe  
  35  3:58  Zealot  
  35  4:01  Probe  
  39  4:05  Probe  
  41  4:10  Probe  
  41  4:14  Probe  
  42  4:22  Probe  
  46  4:26  Probe, Sentry  
  47  4:39  Gateway x2  
  47  4:41  Gateway  
  47  4:43  Pylon  
  47  4:48  Probe  
  47  4:51  Assimilator  
  48  4:55  Charge  
  48  5:00  Probe  
  49  5:08  Pylon  
  49  5:12  Probe  
  50  5:22  Adept  
  50  5:23  Adept  
  52  5:50  Nexus  
  52  5:52  Pylon  
  52  5:54  Pylon  
  52  5:57  Pylon  
  52  6:05  Forge  
  52  6:06  Forge  
  52  6:15  Adept  
  52  6:16  Adept x2  
  52  6:17  Adept x2  
  62  6:35  Resonating Glaives  
  62  6:40  Adept x2  
  62  6:44  Zealot  
  68  7:25  Probe  
  69  7:31  Protoss Ground Weapons Level 1  
  69  7:33  Protoss Ground Armor Level 1  
  69  7:38  Probe  
  69  7:41  Robotics Facility  
  69  7:42  Robotics Facility  
  70  7:50  Probe  
  70  7:51  Pylon  
  71  7:54  Adept x2  
  71  7:55  Adept  
  77  8:02  Probe  
  78  8:08  Dark Shrine  
  78  8:09  Probe  
  79  8:13  Probe  
  80  8:21  Probe  
  80  8:23  Assimilator  
  80  8:24  Blink  
  80  8:25  Probe  
  82  8:32  Immortal x2  
  82  8:33  Probe  
  91  8:37  Probe  
  92  8:43  Probe  
  92  8:45  Probe  
  94  8:48  Zealot  
  94  8:49  Zealot x4  
  100  8:55  Probe  
  99  9:07  Probe  
  100  9:11  Immortal x2, Pylon  
  108  9:18  Stargate  
  108  9:19  Stargate  
  108  9:20  Probe  
  109  9:26  Pylon  
  109  9:32  Dark Templar  
  109  9:33  Dark Templar x3  
  109  9:37  Shadow Stride  
  117  9:52  Observer  
  117  9:55  Observer  
  119  10:07  Warp Prism  
  119  10:12  Zealot x3  
  119  10:13  Zealot x2  
  131  10:35  Void Ray  
  131  10:36  Void Ray  
  139  11:12  Void Ray x2  
  128  13:43  Dark Templar  
  128  13:44  Dark Templar x4  
Show
View Real Time Build Order
Export as new Build Order

A.I. 1 (Medium) Terran 

Build Orders:  

Get SALT Encoding   

  12  0:00  SCV  
  13  0:13  SCV  
  14  0:17  Supply Depot  
  14  0:25  SCV  
  15  0:39  SCV  
  16  0:43  Barracks  
  16  0:49  Refinery  
  16  0:51  SCV  
  17  1:03  SCV  
  18  1:16  Supply Depot  
  18  1:31  Marine  
  19  1:44  Orbital Command  
  19  1:48  Marine  
  19  1:52  Factory  
  20  1:58  Supply Depot  
  20  2:06  Marine  
  21  2:09  SCV  
  22  2:21  Refinery, SCV  
  23  2:24  Barracks Tech Lab  
  23  2:33  SCV  
  23  2:34  Engineering Bay  
  24  2:38  Hellion  
  26  2:46  Marauder, SCV  
  29  2:58  SCV  
  30  2:59  Hellion  
  30  3:01  Supply Depot  
  32  3:10  SCV  
  33  4:41  Marine  
  33  4:42  SCV  
  33  4:43  Barracks  
  35  4:46  Starport  
  35  4:47  Missile Turret  
  35  4:48  Missile Turret  
  35  4:52  Supply Depot, Factory Tech Lab  
  35  4:54  SCV  
  35  4:57  Sensor Tower  
  35  4:59  Barracks, Marine  
  37  5:08  Armory  
  37  5:11  Bunker  
  37  5:16  Supply Depot  
  37  5:17  Marine  
  38  5:23  Starport Tech Lab  
  29  5:29  Barracks Reactor  
  29  5:35  Marine  
  30  5:42  Raven  
  32  5:45  Marine  
  33  5:50  Command Center  
  33  5:54  Marauder  
  35  6:04  Barracks Tech Lab  
  35  6:05  Marine  
  36  6:15  Marauder  
  38  6:21  Marine  
  38  6:24  Raven  
  41  6:29  Marauder  
  43  6:37  Marine  
  44  6:51  Marauder  
  46  7:02  SCV  
  46  7:05  Refinery, SCV  
  47  7:11  Missile Turret  
  47  7:14  SCV  
  48  7:17  SCV  
  48  7:18  Missile Turret  
  48  7:19  Refinery  
  49  7:26  SCV  
  49  7:29  SCV  
  51  7:37  Bunker  
  51  7:38  SCV  
  51  7:41  SCV  
  53  7:50  SCV  
  54  7:53  SCV  
  55  8:02  SCV  
  57  8:05  SCV  
  57  8:14  SCV  
  57  8:17  SCV  
  59  8:20  Siege Tank  
  59  8:21  Medivac  
  59  8:23  Factory  
  59  8:27  Starport, Marine, SCV  
  65  8:29  Supply Depot  
  66  8:34  Marine  
  67  8:50  Medivac, SCV  
  67  8:51  Supply Depot  
  67  8:52  Siege Tank  
  67  8:53  Stimpack, SCV  
  67  8:54  Marine  
  69  9:01  Combat Shield, Marine  
  69  9:02  SCV  
  61  9:04  Starport Tech Lab  
  61  9:05  SCV  
  61  9:07  Factory Tech Lab  
  61  9:08  Marine  
  63  9:12  Terran Infantry Weapons Level 1  
  63  9:14  SCV  
  63  9:15  Marine  
  65  9:17  SCV  
  65  9:20  Raven  
  65  9:22  Marine  
  65  9:23  Supply Depot  
  69  9:29  Ghost Academy, Marine  
  70  9:31  Engineering Bay  
  70  9:37  Marine  
  71  9:43  Fusion Core  
  71  9:44  Marine  
  72  9:51  Siege Tank  
  72  9:52  Armory  
  75  9:57  Terran Infantry Armor Level 1  
  75  9:58  Siege Tank  
  78  10:23  Siege Tank  
  81  10:30  Siege Tank  
  84  10:35  Command Center  
  84  11:48  SCV  
  84  11:51  SCV  
  84  11:54  SCV  
  87  11:58  Refinery  
  87  11:59  Missile Turret  
  87  12:00  SCV  
  88  12:03  SCV  
  88  12:06  SCV  
  88  12:07  Missile Turret  
  88  12:08  Refinery  
  90  12:12  SCV  
  90  12:13  Marauder  
  90  12:15  Supply Depot, SCV  
  94  12:16  Ghost  
  94  12:20  Reaper  
  97  12:24  Marine  
  98  12:30  Bunker  
  98  12:33  SCV  
  98  12:35  Marauder  
  100  12:41  Supply Depot  
  100  12:42  Marine  
  101  12:45  Marine  
  94  12:52  Marine  
  94  12:56  Marine  
  76  12:59  Marine  
  76  13:03  Raven, Marine  
  78  13:10  Marine  
  79  13:13  Marine  
  79  13:17  Marine  
  81  13:20  SCV  
  81  13:21  Marine  
  81  13:23  SCV  
  73  13:27  SCV  
  73  13:28  Marine  
  73  13:31  Marine  
  73  13:32  SCV  
  67  13:34  Medivac  
  67  13:35  SCV, Marine  
  67  13:38  Marine  
  67  13:39  SCV  
  67  13:41  Missile Turret  
  62  13:44  SCV  
  62  13:46  Marine  
  61  13:50  Marauder  
  61  13:51  SCV  
  61  13:53  Reaper  
  56  13:56  SCV, Marine  
  44  14:03  SCV  
  44  14:04  Marine  
  44  14:09  SCV  
Tags
 
Matchup
PvT
Replay Pack
sc2replays
Spawn Locations
Cross Positions
Add a new tag
Caveats
  • Supply blocks, unpowered buildings, or Contaminate may cause inaccurate times.
  • Supply counts are checked every 10 seconds.